 Dungeon Crawl Stone Soup version 0.31-a0-237-g2d982f9f85 (webtiles) character file.

Game seed: 11090247970321372527

6111 Kaliban the Firebug (level 10, 0/80 HPs)
             Began as a Black Draconian Fire Elementalist on July 8, 2023.
             Was a Follower of Yredelemnul.
             Slain by a two-headed ogre
             ... wielding a +0 dire flail
              (13 damage)
             ... on level 9 of the Dungeon on July 11, 2023.
             The game lasted 00:45:54 (10550 turns).

Kaliban the Firebug (DrFE)                         Turns: 10550, Time: 00:45:55

Health: 0/80       AC:  9    Str: 16    XL:     10   Next: 58%
Magic:  19/21      EV: 15    Int: 18    God:    Yredelemnul [*.....]
Gold:   369        SH:  0    Dex: 19    Spells: 17/23 levels left

rFire   + . .        e - +8 great sword (heavy)
rCold   . . .        (shield currently unavailable)
rNeg    . . .        (body armour unavailable)
rPois   +            (helmet restricted)
rElec   +            F - +0 cloak of Fayk {rPois rF+ Str+5}
rCorr   .            (no gloves)
SInv    .            b - +0 pair of boots
Will    .....        (no amulet)
Stlth   +++          r - ring of poison resistance
HPRegen 0.33/turn    E - +6 ring of dexterity
MPRegen 0.17/turn

%: no passive effects
@: short of breath
A: breathe lightning, AC +7, unfitting armour, electricity resistance,
cold-blooded
a: Breathe Lightning, Renounce Religion, Recall Undead Harvest


You were on level 9 of the Dungeon.
You worshipped Yredelemnul.
Yredelemnul was noncommittal.
You visited 1 branch of the dungeon, and saw 9 of its levels.
You also visited: Sewer and Ossuary.

You collected 558 gold pieces.
You spent 189 gold pieces at shops.

Inventory:

Hand Weapons
 e - a +8 heavy great sword (weapon)
 s - a +3 short sword
 z - a +0 rapier
Missiles
 i - 19 poisoned darts
 k - 5 datura-tipped darts
 q - 5 atropa-tipped darts
Armour
 b - a +0 pair of boots (worn)
 F - the +0 cloak of Fayk (worn) {rPois rF+ Str+5}
   (You found it on level 6 of the Dungeon)

   Str:       It affects your strength (+5).
   rF:        It protects you from fire.
   rPois:     It protects you from poison.
Jewellery
 r - a ring of poison resistance (left hand)
 E - a +6 ring of dexterity (right hand)
Wands
 g - a wand of roots (8)
 m - a wand of light (8)
 n - a wand of flame (25)
 C - a wand of charming (9)
Scrolls
 a - 4 scrolls of teleportation
 c - 3 scrolls of vulnerability
 d - a scroll of revelation
 l - 2 scrolls of immolation {unknown}
 o - 4 scrolls of amnesia
 p - a scroll of poison {unknown}
 t - a scroll of blinking {unknown}
 u - a scroll of torment {unknown}
 v - a scroll of fog {unknown}
 D - 2 scrolls of enchant armour {unknown}
 H - a scroll of acquirement {unknown}
 I - a scroll of fear {unknown}
Potions
 f - 3 potions of attraction
 h - a potion of resistance
 j - 2 potions of lignification
 w - a potion of cancellation
 x - 3 potions of curing
 A - a potion of magic
 B - 2 potions of might
 G - a potion of ambrosia
 J - 2 potions of enlightenment


   Skills:
 * Level 4.4 Fighting
 + Level 4.5(5.1) Short Blades
 * Level 3.5(4.6) Long Blades
 * Level 5.6 Dodging
 * Level 5.2 Stealth
 * Level 7.3 Spellcasting
 + Level 3.1 Conjurations
 + Level 1.4 Translocations
 * Level 7.9 Fire Magic
 * Level 4.3 Invocations


You had 17 spell levels left.
You knew the following spells:

 Your Spells              Type           Power      Damage    Failure   Level
a - Foxfire               Conj/Fire      100%       2x1d9     1%          1
b - Scorch                Fire           70%        2d8       1%          2
c - Volatile Blastmotes   Fire/Tloc      46%        2d13      4%          3

Your spell library contained the following spells:

 Spells                   Type           Power      Damage    Failure   Level
 Inner Flame              Hex/Fire       20%        N/A       6%          3
 Flame Wave               Conj/Fire      26%        2d8       11%         4
 Vhi's Electric Charge    Tloc/Air       18%        N/A       24%         3
 Arcjolt                  Conj/Air       6%         1d16      83%         5
 Yara's Violent Unravell  Hex/Tmut       3%         3d4       96%         5
 Plasma Beam              Fire/Air       10%        2x1d21    97%         6
 Enfeeble                 Hex            3%         N/A       100%        7


Dungeon Overview and Level Annotations

Branches:
Dungeon (9/15)             Temple (0/1) D:5           Sewer (visited)
Ossuary (visited)
   Lair: D:8-11         Orc: D:9-12

Altars:
Ashenzari
Dithmenos
Fedhas
Hepliaklqana
Qazlal
Trog
Vehumet
Wu Jian
Xom
Yredelemnul
The Shining One

Shops:
D:4 [:[?[   D:5 [

Annotations:
D:7 2 transporters


Innate Abilities, Weirdness & Mutations

You can breathe wild blasts of lightning.
Your glossy black scales are hard. (AC +7)
You cannot fit into any form of body armour.
You are resistant to electric shocks. (rElec)
You are cold-blooded and may be slowed by cold attacks.


Message History

Press: ? - help, Q - select action, (/) - cycle Dir - look around, f - activate You conjure some foxfire!
Your foxfire dissipates!
The foxfire hits the two-headed ogre.
The two-headed ogre is moderately wounded.
The two-headed ogre attacks as you move away!
The two-headed ogre hits you with a +0 dire flail!
The two-headed ogre hits you with a +0 giant club!!
Casting: Foxfire (safe; 1% risk of failure)
Press: ? - help, Q - select action, (/) - cycle Dir - look around, f - activate You conjure some foxfire!
Your foxfire dissipates!
The foxfire hits the two-headed ogre but does no damage.
The two-headed ogre is moderately wounded.
You barely miss the two-headed ogre.
The two-headed ogre is moderately wounded.
The two-headed ogre hits you with a +0 dire flail.
The two-headed ogre misses you. The two-headed ogre barely misses you.
The two-headed ogre hits you with a +0 giant club!
Your orc wizard zombie barely misses the two-headed ogre.
You hit the two-headed ogre.
The two-headed ogre is moderately wounded.
The two-headed ogre hits you with a +0 dire flail.
The two-headed ogre hits you with a +0 giant club!!
* * * LOW HITPOINT WARNING * * *
Your orc wizard zombie hits the two-headed ogre but does no damage. x2
Your orc priest zombie barely misses the two-headed ogre.
Activating: Breathe Lightning (3% risk of failure)
Press: ? - help, Dir - look around, f - activate You breathe a wild blast of lightning!
The bolt of lightning hits the two-headed ogre!!
The two-headed ogre is severely wounded.
The bolt of lightning hits your orc priest zombie.
Your orc priest zombie is heavily damaged.
The bolt of lightning hits the two-headed ogre!
The two-headed ogre is almost dead.
You hear a shout! x3
The two-headed ogre hits you with a +0 dire flail!
You die...
Your body rises from the dead as a mindless zombie.

..........# #....#####....
..)......Z# ###..........
.........Z# ##....#...#..
.........Z# ###...........
..........######.......#.#.#.#
..........'..##Z.####.........
..........##..ZZ## #......#.
..........####O## ##........
########## #@# #.......# #.#
#....#... #.# ##..## .. #..
.## . ... .. ###. ## . ##


You could see a two-headed ogre (ally target), a friendly orc priest zombie and
2 friendly orc wizard zombies.

Vanquished Creatures
  Joseph (D:7)
  Maggie (D:9)
  A hornet (D:9)
  A wyvern (D:6)
  2 steam dragons
  2 water moccasins
  Duvessa (D:7)
  An orc warrior (D:8)
  An ice beast (D:5)
  An ogre (D:7)
  5 centaurs
  A phantom (D:6)
  A kobold brigand (D:7)
  4 bullfrogs
  2 gnoll sergeants
  6 scorpions
  8 wights
  4 killer bees (D:8)
  A howler monkey (D:6)
  5 hounds
  2 orc priests
  A centaur zombie (Ossuary)
  2 human zombies (Ossuary)
  A jelly (D:7)
  Crazy Yiuf (D:3)
  4 sleepcaps
  3 iguanas
  5 orc wizards
  5 scorpion zombies (Ossuary)
  3 mummies (Ossuary)
  8 adders
  10 gnolls
  A white imp (D:7)
  An iguana zombie (D:5)
  A worm (D:3)
  2 dart slugs
  15 orcs
  12 bats
  6 endoplasms
  2 giant cockroaches
  7 hobgoblins
  4 jackals
  8 kobolds
  2 quokkas
  7 ball pythons
  2 frilled lizards
  3 gnoll zombies (Ossuary)
  13 goblins
  A goblin zombie (Ossuary)
  3 kobold zombies (Ossuary)
  5 rats
  A rat zombie (D:4)
190 creatures vanquished.

Vanquished Creatures (collateral kills)
  Prince Ribbit (D:6)
  A steam dragon (D:8)
  Pargi (Sewer)
  A black bear (D:6)
  A bullfrog (D:6)
  4 scorpions (Ossuary)
  3 wights
  Dowan (D:7)
  A killer bee (D:8)
  5 electric eels (D:6)
  A centaur zombie (Ossuary)
  A scorpion zombie (Ossuary)
  An adder (D:5)
  2 white imps (D:6)
  An orc (D:7)
  2 bats (Sewer)
  2 giant cockroaches
  A jackal (D:3)
  A gnoll zombie (Ossuary)
  2 hobgoblin zombies (Ossuary)
  A rat (D:4)
34 creatures vanquished.

Vanquished Creatures (others)
  A wyvern (D:8)
  A hornet zombie (D:9)
  A bullfrog zombie (D:6)
  2 centaur zombies
  2 scorpion zombies (Ossuary)
  2 killer bee zombies (D:8)
  2 hound zombies (D:6)
  A jelly zombie (D:7)
  An adder zombie (D:4)
  A spectral white imp (D:7)
  5 gnoll zombies
  3 orc zombies
  293 foxfires
315 creatures vanquished.

Grand Total: 539 creatures vanquished

Notes
Turn   | Place    | Note
-------+----------+-------------------------------------------
     0 | D:1      | Kaliban the Draconian Fire Elementalist began the quest for
                  | the Orb.
     0 | D:1      | Reached XP level 1. HP: 14/14 MP: 3/3
   260 | D:1      | Reached XP level 2. HP: 18/20 MP: 0/5
   360 | D:1      | Learned a level 2 spell: Scorch
   488 | D:1      | Upgraded the game from 0.31-a0-233-g139696dc86 to
                  | 0.31-a0-237-g2d982f9f85
  1136 | D:2      | Reached XP level 3. HP: 15/26 MP: 1/6
  1463 | D:2      | Learned a level 3 spell: Volatile Blastmotes
  1583 | D:2      | Reached skill level 1 in Short Blades
  1583 | D:2      | Reached XP level 4. HP: 21/33 MP: 3/7
  1633 | D:2      | Found a faded altar of an unknown god.
  1652 | D:2      | Found a basalt altar of Yredelemnul.
  1661 | D:2      | Became a worshipper of Yredelemnul the Dark
  1884 | D:3      | Found a stormy altar of Qazlal.
  1884 | D:3      | Found a shimmering altar of Xom.
  2009 | D:3      | Found a blossoming altar of Fedhas.
  2012 | D:3      | Found a broken altar of Ashenzari.
  2015 | D:3      | Found a shadowy altar of Dithmenos.
  2084 | D:3      | Found a bloodstained altar of Trog.
  2176 | D:3      | Reached * piety under Yredelemnul
  2381 | D:3      | Reached ** piety under Yredelemnul
  2464 | D:3      | Found a runed translucent door.
  2465 | D:3      | Noticed Crazy Yiuf
  2472 | D:3      | Killed Crazy Yiuf
  2473 | D:3      | Reached XP level 5. HP: 29/39 MP: 1/9
  2754 | D:3      | Found an ornate altar of the Wu Jian Council.
  3308 | D:4      | Found a glowing drain.
  3316 | Sewer    | Entered a sewer
  3343 | Sewer    | Noticed Pargi
  3356 | Sewer    | Killed Pargi
  3357 | Sewer    | Reached XP level 6. HP: 46/46 MP: 1/10
  3365 | Sewer    | Identified the +0 cloak of the Cricket {rF+ Str+3 Int-3
                  | Slay+3}
  3526 | D:4      | Reached skill level 1 in Fighting
  3554 | D:4      | Found Ydituidu's Book Shop.
  3555 | D:4      | Found Plog's Armour Shop.
  3580 | D:4      | Found a sand-covered staircase.
  3585 | Ossuary  | Entered an ossuary
  3854 | Ossuary  | Reached skill level 5 in Fire Magic
  3854 | Ossuary  | Your scales start taking on a glossy black colour.
  3854 | Ossuary  | Reached XP level 7. HP: 23/52 MP: 8/12
  3854 | Ossuary  | Gained mutation: You are resistant to electric shocks.
                  | (rElec) [Black Draconian growth]
  4000 | Ossuary  | Reached skill level 1 in Translocations
  4586 | Ossuary  | HP: 2/52 [hobgoblin zombie (1)]
  4587 | Ossuary  | Reached XP level 8. HP: 3/59 MP: 6/14
  4596 | Ossuary  | Reached skill level 5 in Spellcasting
  5008 | D:4      | Found Coebo's Magic Scroll Emporium.
  5016 | D:4      | Bought 2 scrolls of identify for 56 gold pieces
  5016 | D:4      | Bought a scroll of brand weapon for 133 gold pieces
  5033 | D:4      | Found Xiciw's Armour Boutique.
  5362 | D:4      | Found a radiant altar of Vehumet.
  5477 | D:4      | Found Baenukk's Antique Armour Boutique.
  5666 | D:5      | Entered Level 5 of the Dungeon
  5944 | D:5      | Reached skill level 1 in Invocations
  6192 | D:5      | Found a staircase to the Ecumenical Temple.
  6635 | D:5      | Found a glowing golden altar of the Shining One.
  6751 | D:5      | Found Nudap's Antique Armour Boutique.
  6825 | D:6      | Found a hazy altar of Hepliaklqana.
  6922 | D:6      | Identified the +0 cloak of Fayk {rPois rF+ Str+5}
  7166 | D:6      | Reached XP level 9. HP: 37/67 MP: 12/18
  7537 | D:6      | Noticed Prince Ribbit
  7554 | D:6      | Killed Prince Ribbit
  8124 | D:7      | Found a transporter.
  8131 | D:7      | Noticed a kobold demonologist
  8144 | D:7      | You fall into a shaft and drop 1 floor!
  8379 | D:7      | Reached skill level 5 in Dodging
  8629 | D:7      | Reached XP level 10. HP: 39/78 MP: 20/20
  8641 | D:7      | Reached skill level 1 in Long Blades
  8830 | D:7      | Found a transporter.
  8869 | D:7      | Noticed Duvessa
  8869 | D:7      | Noticed Dowan
  8875 | D:7      | Killed Dowan
  8883 | D:7      | Killed Duvessa
  9067 | D:7      | Noticed Joseph
  9079 | D:7      | Killed Joseph
  9683 | D:8      | Reached skill level 5 in Stealth
 10131 | D:9      | Noticed Maggie
 10138 | D:9      | Killed Maggie
 10529 | D:9      | Noticed a two-headed ogre
 10550 | D:9      | Slain by a two-headed ogre

Illustrated notes

Levels and vault maps discovered:
D:1:      wander_arrival_estate, layout_loops_cross, serial_bayou,
          serial_bayou_crossing, serial_bayou_pond_a, serial_bayou_lagoon_a,
          serial_bayou_pond_d, serial_bayou_pond_b,
          chequers_serial_rivers_micro_a, minmay_small_reverse_x
D:2:      kennysheep_the_goblin_king, layout_rooms, basic_altar,
          shapermc_ecumenical_altar_notcrosses
D:3:      layout_basic, lemuel_doored_altar, nzn_wu_jian_contemplation,
          minmay_overflow_temple_star_hex, minmay_misc_feat_cross,
          grunt_ministairs_3, chequers_serial_rivers_micro_c,
          uniq_crazy_yiuf_cottage
D:4:      layout_loops_ring, nicolae_vehumet_radiance, portal_sewer_entry_e,
          serial_shops, shop, shop, nicolae_shop_behind_doors, shop, shop,
          enter_ossuary_2, hangedman_abyss_or_decor_passed,
          supply_closet_lemuel, minmay_goblin_outpost
D:5:      layout_loops_ring, tso_altar, minmay_temple_entry_ruins, serial_shops,
          nicolae_shop_trees, minmay_strange_pillars, serial_bayou_pond_e
D:6:      layout_cave_pools, nzn_hepliaklqana_mist_gate, serial_bayou,
          serial_bayou_pond_a, serial_bayou_pond_d, serial_bayou_pond_a,
          serial_bayou_shore_b, serial_bayou_pond_b, serial_bayou_lagoon_b,
          hangedman_abyss_or_decor_lesser_grid, uniq_prince_ribbit1
D:7:      gammafunk_wand_slinger, layout_rooms, minmay_bent, uniq_joseph,
          uniq_duvessa
D:8:      layout_rooms
D:9:      lemuel_slime, layout_basic, serial_shops, shop,
          hangedman_decor_lopped, uniq_maggie

Skill      XL: |  1  2  3  4  5  6  7  8  9 10 |
---------------+-------------------------------+-----
Dodging        | 2 3 4 5 |  5.6
Stealth        | 2 3 4 5 |  5.2
Fire Magic     | 4 5 6 7 |  7.9
Short Blades   | 1 2 3 4 |  4.5
Spellcasting   | 3 4 6 7 |  7.3
Fighting       | 1 2 3 4 |  4.4
Conjurations   | 2 3 |  3.1
Translocations | 1 |  1.4
Invocations    | 2 3 4 |  4.3
Long Blades    | 3 |  3.5

Action                     |  1- 3 |  4- 6 |  7- 9 | 10-12 || total
---------------------------+-------+-------+-------+-------++-------
  Melee: Short sword       |    56 |   104 |   272 |       ||   432
         Tailslap          |     9 |    17 |    51 |    15 ||    92
         Punch             |       |     2 |     6 |       ||     8
         Great sword       |       |       |     9 |    61 ||    70
   Cast: Foxfire           |    41 |    46 |    72 |     7 ||   166
         Scorch            |     2 |    13 |    41 |    16 ||    72
         Volatile Blastmot |       |     2 |     9 |       ||    11
 Invoke: Recall Undead Har |       |     2 |     2 |       ||     4
         Dark Bargain      |       |     1 |       |       ||     1
Ability: Breathe Lightning |       |       |     6 |     4 ||    10
    Use: Scroll            |     3 |     3 |     2 |     9 ||    17
         Potion            |       |     2 |     9 |     1 ||    12
   Stab: Sleeping          |       |     2 |       |       ||     2
         Invisible         |       |       |     3 |       ||     3
         Distracted        |       |       |     2 |     2 ||     4
 Armour: Skin              |    16 |    62 |   117 |    51 ||   246
  Dodge: Dodged            |    47 |   121 |   242 |   104 ||   514

Table legend: (Time is in decaauts)
 A = Elapsed time spent in this place.
 B = Non-inter-level travel time spent in this place.
 C = Inter-level travel time spent in this place.
 D = Time resting spent in this place.
 E = Time spent auto-exploring this place.
 F = Levels seen in this place.
 G = Mean time per level.
                   A        B        C        D        E       F      G
               +--------+--------+--------+--------+--------+-----+--------+
         Total |  10612 |  10075 |    537 |   1445 |   6385 |  11 |  964.7 |
       Dungeon |   9290 |   8753 |    537 |    749 |   6246 |   9 | 1032.2 |
         Sewer |    133 |    133 |      0 |      0 |     57 |   1 |  133.0 |
       Ossuary |   1188 |   1188 |      0 |    696 |     82 |   1 | 1188.0 |
               +--------+--------+--------+--------+--------+-----+--------+

Top non-repeatable levels by time:
     D:7: 1377 daAuts
     D:3: 1350 daAuts
     D:6: 1213 daAuts
 Ossuary: 1188 daAuts
     D:5: 1111 daAuts
     D:1: 1105 daAuts
     D:4: 1089 daAuts
     D:2: 794 daAuts
     D:8: 765 daAuts
     D:9: 482 daAuts
   Sewer: 133 daAuts
